 Dungeon Crawl Stone Soup version 0.27-a0-1065-ge809cff456 (webtiles) character file.

Game seed: 9212845656763558442

11 flotson the Covert (level 2, 0/29 HPs)
             Began as a Gnoll Delver on Apr 23, 2021.
             Slain by a wight
             ... wielding a +5 scimitar
              (12 damage)
             ... on level 4 of the Dungeon.
             The game lasted 00:01:02 (250 turns).

flotson the Covert (Gnoll Delver)                    Turns: 250, Time: 00:01:02

Health: 0/29       AC:  6    Str: 11    XL:     2   Next: 29%
Magic:  2/2        EV:  9    Int:  9    God:
Gold:   0          SH:  0    Dex: 13    Spells: 1/1 levels left

rFire    . . .     SeeInvis .   a - +0 spear
rCold    . . .     Faith    .   (no shield)
rNeg     . . .     Spirit   .   i - +0 scale mail
rPois    .         Reflect  .   (no helmet)
rElec    .         Harm     .   (no cloak)
rCorr    .         Rampage  .   (no gloves)
Will     .....                  (no boots)
Stlth    +++.......             (no amulet)
HPRegen  0.09/turn              (no ring)
MPRegen  0.08/turn              (no ring)

@: hasted, very quick
A: fangs 1, strong nose, distributed training
a: no special abilities


You were on level 4 of the Dungeon.
You visited 1 branch of the dungeon, and saw 2 of its levels.

Inventory:

Hand Weapons
 a - a +0 spear (weapon)
Armour
 i - a +0 scale mail (worn)
Wands
 g - a wand of digging (3)
Scrolls
 c - a scroll of fog
 e - a scroll of fear
 h - 3 scrolls of immolation {unknown}


   Skills:
 + Level 6.4 Fighting
 + Level 0.3 Short Blades
 + Level 0.3 Long Blades
 + Level 0.3 Axes
 + Level 0.3 Maces & Flails
 + Level 4.4 Polearms
 + Level 0.3 Staves
 + Level 0.3 Slings
 + Level 0.3 Bows
 + Level 0.3 Crossbows
 + Level 0.3 Throwing
 + Level 0.3 Armour
 + Level 4.4 Dodging
 + Level 9.5 Stealth
 + Level 0.3 Shields
 + Level 0.3 Unarmed Combat
 + Level 0.3 Spellcasting
 + Level 0.2 Conjurations
 + Level 0.2 Hexes
 + Level 0.2 Summonings
 + Level 0.2 Necromancy
 + Level 0.2 Translocations
 + Level 0.2 Transmutations
 + Level 0.2 Fire Magic
 + Level 0.2 Ice Magic
 + Level 0.2 Air Magic
 + Level 0.2 Earth Magic
 + Level 0.2 Poison Magic
 + Level 0.4 Invocations
 + Level 0.3 Evocations


You had one spell level left.
You didn't know any spells.
Your spell library was empty.

Dungeon Overview and Level Annotations

Branches:
Dungeon (5/15)             Temple (0/1) D:5

Altars:

Annotations:
D:4 Ijyb
D:5 Grinder


Innate Abilities, Weirdness & Mutations

You have very sharp teeth.
Your uncanny sense of smell can sniff out nearby items.
Your experience applies equally to all skills.


Message History

Grinder shouts!
As you read the scroll of magic mapping, it crumbles to dust.
You feel aware of your surroundings.
You see here a +0 leather armour.
A jelly comes into view.
Grinder gestures at you.
You suddenly lose the ability to move!
The jelly hits you but does no damage. x2
You can move again.
The jelly hits you but does no damage.
Grinder blinks!
The jelly barely misses you.
Grinder blinks!
Grinder hits you. Grinder closely misses you. Grinder gestures at you.
You suddenly lose the ability to move!
The jelly hits you but does no damage.
You can move again.
Found a stone staircase leading up.
Found a fizzy green potion.
There is a stone staircase leading up here.
The jelly hits you.
You are splashed with acid!
You climb upwards. 3 wights come into view.
Found a scroll labelled LELEAN VA TERY.
There is a stone staircase leading down here.
As you read the scroll of fear, it crumbles to dust.
You assume a fearsome visage.
The wight is unaffected. x3
The jelly looks frightened!
You feel yourself speed up.
Ijyb the Twisted Goblin comes into view.
She is wielding a +1 dagger of holy wrath and carrying a wand of digging (5).
You closely miss Ijyb. You closely miss Ijyb. Ijyb hits you but does no damage.
Ijyb screams, "I no like you!" Ijyb completely misses you.
The wight hits you with a +5 scimitar.
A gnoll and 2 wights come into view.
Ijyb screams, "Get away!"
The wight hits you with a +5 scimitar!
You die...

#######
#.....#
#.....#
#.....#
#....?#
#...g.#
#...z.#
#.@z..#
#.....#
####.....#
.z.....>.#
.....#####
.....
....z
.g..z.


You could see Ijyb, 4 wights and a gnoll (wandering).

Vanquished Creatures
  A white imp (D:5)
  An adder zombie (D:5)
2 creatures vanquished.

Notes
Turn   | Place    | Note
-------+----------+-------------------------------------------
     0 | D:5      | Reached skill level 9 in Stealth
     0 | D:5      | flotson the Gnoll Delver began the quest for the Orb.
     0 | D:5      | Reached XP level 1. HP: 23/23 MP: 1/1
    52 | D:5      | Reached XP level 2. HP: 15/29 MP: 2/2
    81 | D:5      | Noticed a sky beast
   201 | D:5      | Noticed Grinder
   218 | D:5      | Paralysed by Grinder for 3 turns
   228 | D:5      | Paralysed by Grinder for 2 turns
   238 | D:4      | Noticed a wight
   238 | D:4      | Noticed a wight
   238 | D:4      | Noticed a wight
   242 | D:4      | Noticed Ijyb
   250 | D:4      | Noticed a wight
   250 | D:4      | Noticed a wight
   250 | D:4      | Slain by a wight

Illustrated notes

Levels and vault maps discovered:
D:4:      layout_basic, uniq_ijyb
D:5:      layout_basic, minmay_temple_entry_enclosed_plants, uniq_grinder,
          uniq_pikel

Skill      XL: | |
---------------+-+-----
Stealth        | |  9.5
Fighting       | |  6.4
Short Blades   | |  0.3
Long Blades    | |  0.3
Axes           | |  0.3
Maces & Flails | |  0.3
Polearms       | |  4.4
Staves         | |  0.3
Slings         | |  0.3
Bows           | |  0.3
Crossbows      | |  0.3
Throwing       | |  0.3
Armour         | |  0.3
Dodging        | |  4.4
Shields        | |  0.3
Unarmed Combat | |  0.3
Spellcasting   | |  0.3
Conjurations   | |  0.2
Hexes          | |  0.2
Summonings     | |  0.2
Necromancy     | |  0.2
Translocations | |  0.2
Transmutations | |  0.2
Fire Magic     | |  0.2
Ice Magic      | |  0.2
Air Magic      | |  0.2
Earth Magic    | |  0.2
Poison Magic   | |  0.2
Invocations    | |  0.4
Evocations     | |  0.3

Action                   || total
-------------------------++-------
Melee: Spear             ||    14
       Bite              ||     1
  Use: Scroll            ||     2
       Potion            ||     1
 Stab: Sleeping          ||     1
Armor: Leather armour    ||     1
       Scale mail        ||     5
Dodge: Dodged            ||     5

Table legend: (Time is in decaauts)
 A = Elapsed time spent in this place.
 B = Non-inter-level travel time spent in this place.
 C = Inter-level travel time spent in this place.
 D = Time resting spent in this place.
 E = Time spent auto-exploring this place.
 F = Levels seen in this place.
 G = Mean time per level.
                   A        B        C        D        E       F      G
               +--------+--------+--------+--------+--------+-----+--------+
         Total |    245 |    245 |      0 |    125 |     19 |   2 |  122.5 |
       Dungeon |    245 |    245 |      0 |    125 |     19 |   2 |  122.5 |
               +--------+--------+--------+--------+--------+-----+--------+

Top non-repeatable levels by time:
     D:5: 236 daAuts
     D:4: 8 daAuts
